 Dungeon Crawl Stone Soup version 0.28-a0-1435-g82390b3a13 (webtiles) character file.

Game seed: 5146324653556037521

1519 horus123 the Thaumaturge (level 8, -5/41 HPs)
             Began as a Deep Elf Conjurer on Jan 9, 2022.
             Was an Initiate of Yredelemnul.
             Slain by an ogre (26 damage)
             ... on level 6 of the Dungeon.
             The game lasted 00:23:16 (8411 turns).

horus123 the Thaumaturge (Deep Elf Conjurer)        Turns: 8411, Time: 00:23:17

Health: -5/41      AC:  3    Str:  4    XL:     8   Next: 54%
Magic:  2/22       EV: 12    Int: 26    God:    Yredelemnul [......]
Gold:   54         SH:  0    Dex: 13    Spells: 5/23 levels left

rFire   + + +      SeeInvis .   (no weapon)
rCold   . . .      Faith    .   (no shield)
rNeg    + + +      Spirit   .   p - +1 robe "Doczatug" {Drain rF+++ rN+++ Slay-3}
rPois   .          Reflect  .   (no helmet)
rElec   .          Harm     .   (no cloak)
rCorr   .          Rampage  .   (no gloves)
Will    .....                   (no boots)
Stlth   ++........              k - amulet of the acrobat
HPRegen 0.13/turn               (no ring)
MPRegen 0.18/turn               (no ring)

@: no status effects
A: no striking features
a: Renounce Religion, Recall Undead Harvest


You were on level 6 of the Dungeon.
You worshipped Yredelemnul.
Yredelemnul was noncommittal.
You visited 2 branches of the dungeon, and saw 7 of its levels.

You collected 305 gold pieces.
You spent 251 gold pieces at shops.

Inventory:

Hand Weapons
 n - a +1 dagger of venom
 r - a +1 short sword of venom
Armour
 a - a +1 robe
 p - the +1 robe "Doczatug" (worn) {Drain rF+++ rN+++ Slay-3}
   (You bought it in a shop on level 5 of the Dungeon)

   Slay:      It affects your accuracy & damage with ranged weapons and melee
   (-3).
   rF:        It renders you almost immune to fire.
   rN:        It renders you almost immune to negative energy.
   Drain:     It drains your maximum health when unequipped.
Jewellery
 k - an amulet of the acrobat (around neck)
Wands
 h - a wand of flame (10)
 m - a wand of iceblast (6)
Scrolls
 j - a scroll of magic mapping
 q - a scroll of blinking
 s - 2 scrolls of identify
 t - a scroll of enchant weapon {unknown}
 u - a scroll of enchant armour
Potions
 b - 2 potions of ambrosia
 c - a potion of haste {unknown}
 d - 2 potions of degeneration
 e - 2 potions of magic
 f - 3 potions of curing {unknown}
 g - a potion of mutation {unknown}
 i - 2 potions of invisibility {unknown}
 l - a potion of cancellation {unknown}


   Skills:
 - Level 2.4 Dodging
 - Level 2.4 Stealth
 - Level 8.0 Spellcasting
 + Level 5.0 Conjurations
 - Level 5.4 Hexes
 - Level 1.4 Transmutations
 - Level 5.0 Air Magic
 - Level 5.5 Invocations


You had 5 spell levels left.
You knew the following spells:

 Your Spells              Type           Power      Damage    Failure   Level
a - Magic Dart            Conj           100%       1d8       1%          1
b - Searing Ray           Conj           72%        2d7       1%          2
c - Dazzling Flash        Conj/Hex       74%        N/A       1%          3
d - Swiftness             Air            36%        N/A       2%          3
e - Shock                 Conj/Air       100%       1d9       1%          1
f - Airstrike             Air            18%        N/A       7%          4
g - Fulminant Prism       Conj/Hex       18%        3d11      6%          4

Your spell library contained the following spells:

 Spells                   Type           Power      Damage    Failure   Level
 Summon Small Mammal      Summ           40%        N/A       5%          1
 Portal Projectile        Hex/Tloc       48%        N/A       5%          3
 Summon Guardian Golem    Hex/Summ       24%        N/A       5%          3
 Call Canine Familiar     Summ           10%        N/A       17%         3
 Iskenderun's Mystic Bla  Conj/Tloc      23%        2d6       21%         4
 Blade Hands              Tmut           9%         N/A       65%         5
 Excruciating Wounds      Necr           5%         N/A       83%         5


Dungeon Overview and Level Annotations

Branches:
Dungeon (6/15)             Temple (1/1) D:5

Altars:
Ashenzari
Cheibriados
Dithmenos
Elyvilon
Gozag
Kikubaaqudgha
Qazlal
Ru
Sif Muna
Trog
Vehumet
Wu Jian
Xom
Yredelemnul
Zin
The Shining One

Shops:
D:1 !   D:5 ?[

Annotations:
D:6 Maggie


Message History

The searing ray hits something.
A black mist starts to gather...
Something barely misses your orc zombie.
Found a scroll labelled ZOREAT CITZU.
Something hits your orc zombie.
The orc priest hits your orc zombie with a +0 whip.
Casting: Searing Ray (safe; 1% risk of failure)
Confirm with . or Enter, or press ? or * to list all spells.
Aiming: Searing Ray (safe; 1% risk of failure)
Press: ? - help, Shift-Dir - straight line, f - ogre
Aim: an ogre, wielding a +0 giant club (asleep, 100% to hit)
The searing ray hits the ogre.
The ogre is moderately wounded. (Press . to maintain the ray.)
Something barely misses your orc zombie.
Your orc zombie hits the orc priest but does no damage.
The orc priest hits your orc zombie with a +0 whip.
Your orc zombie is destroyed!
The searing ray hits the ogre.
The ogre is moderately wounded.
A magic dart appears from out of thin air!
The magic dart hits you.
The searing ray hits the ogre!
The ogre is severely wounded.
The searing ray hits the ogre.
The ogre is almost dead.
You finish channelling your searing ray.
The ogre completely misses you.
Casting: Searing Ray (safe; 1% risk of failure)
Confirm with . or Enter, or press ? or * to list all spells.
Aiming: Searing Ray (safe; 1% risk of failure)
Press: ? - help, Shift-Dir - straight line, f/p - ogre
Aim: an ogre, wielding a +0 giant club (almost dead, 91% to hit)
The searing ray hits the ogre.
The ogre is almost dead. (Press . to maintain the ray.)
A magic dart appears from out of thin air!
The magic dart hits you.
The ogre hits you with a +0 giant club!!
Ouch! That really hurt!
You die...
Your body rises from the dead as a mindless zombie.

#.?... ....
.... ...
#.. #.# #O#
#@# #.# #)#
# #.# .
#{### #
####oo.## .
.......#..#
#
##.##...#.#
#..#...#


You could see an ogre, an orc priest and an orc.

Vanquished Creatures
  A water moccasin (D:5)
  2 sky beasts (D:5)
  3 necrophages
  A bullfrog (D:4)
  2 scorpions (D:5)
  2 water moccasin skeletons (D:5)
  4 centaur zombies
  A bullfrog zombie (D:5)
  A jelly (D:6)
  2 hounds (D:4)
  2 orc priests
  Ijyb (D:4)
  A centaur skeleton (D:5)
  Jessica (D:3)
  2 orc wizards (D:5)
  3 iguanas
  A hound skeleton (D:4)
  5 adders
  An adder skeleton (D:4)
  4 worms
  2 dart slugs
  8 orcs
  5 bats
  6 endoplasms
  2 giant cockroaches
  7 goblins
  5 hobgoblins
  8 jackals
  A quokka (D:1)
  9 ball pythons
  10 frilled lizards
  7 kobolds
  5 rats
  A butterfly (D:5)
116 creatures vanquished.

Vanquished Creatures (others)
  An orc zombie (D:6)
1 creature vanquished.

Grand Total: 117 creatures vanquished

Notes
Turn   | Place    | Note
-------+----------+-------------------------------------------
     0 | D:1      | horus123 the Deep Elf Conjurer began the quest for the Orb.
     0 | D:1      | Reached XP level 1. HP: 10/10 MP: 6/6
   390 | D:1      | Reached skill level 4 in Spellcasting
   390 | D:1      | Reached XP level 2. HP: 15/15 MP: 7/9
   393 | D:1      | Learned a level 2 spell: Searing Ray
   607 | D:1      | Found Jueseuss's Distillery.
  1093 | D:1      | Reached skill level 5 in Conjurations
  1333 | D:1      | Reached XP level 3. HP: 19/19 MP: 8/10
  1337 | D:1      | Learned a level 3 spell: Dazzling Flash
  1537 | D:2      | Reached skill level 1 in Transmutations
  1691 | D:2      | Learned a level 3 spell: Swiftness
  1968 | D:2      | Reached skill level 1 in Air Magic
  2099 | D:2      | Found a faded altar of an unknown god.
  2104 | D:2      | Reached XP level 4. HP: 24/24 MP: 10/12
  2106 | D:2      | Learned a level 1 spell: Shock
  2738 | D:1      | Bought a potion of heal wounds for 50 gold pieces
  3257 | D:3      | Noticed Jessica
  3261 | D:3      | Killed Jessica
  3262 | D:3      | Reached XP level 5. HP: 28/28 MP: 9/14
  3749 | D:4      | Reached skill level 5 in Spellcasting
  3915 | D:4      | Reached skill level 6 in Spellcasting
  3915 | D:4      | Reached XP level 6. HP: 24/32 MP: 10/17
  3920 | D:4      | Learned a level 4 spell: Airstrike
  4102 | D:4      | Reached skill level 7 in Spellcasting
  4199 | D:4      | Found a broken altar of Ashenzari.
  4248 | D:4      | Noticed Ijyb
  4253 | D:4      | Killed Ijyb
  4386 | D:4      | Reached skill level 8 in Spellcasting
  4571 | D:4      | Reached XP level 7. HP: 36/36 MP: 12/20
  4958 | D:5      | Entered Level 5 of the Dungeon
  4972 | D:4      | Reached skill level 5 in Air Magic
  5142 | D:4      | Learned a level 4 spell: Fulminant Prism
  5278 | D:5      | Reached skill level 1 in Hexes
  6240 | D:5      | Found a staircase to the Ecumenical Temple.
  6387 | Temple   | Entered the Ecumenical Temple
  6532 | Temple   | Became a worshipper of Yredelemnul the Dark
  6640 | D:5      | Reached skill level 5 in Hexes
  6640 | D:5      | Reached XP level 8. HP: 41/41 MP: 14/22
  6881 | D:5      | Found Miqerr's Antique Armour Boutique.
  6889 | D:5      | Bought a sheer robe for 153 gold pieces
  6889 | D:5      | Identified the +1 robe "Doczatug" {Drain rF+++ rN+++
                  | Slay-3} (You bought it in a shop on level 5 of the Dungeon)
  6909 | D:5      | Reached skill level 1 in Invocations
  7436 | D:5      | Found Socs's Magic Scroll Shop.
  7439 | D:5      | Bought a scroll of identify for 24 gold pieces
  7439 | D:5      | Bought a scroll of identify for 24 gold pieces
  7543 | D:5      | Found a sacrificial altar of Ru.
  7885 | D:5      | Reached * piety under Yredelemnul
  7886 | D:5      | Reached skill level 5 in Invocations
  8381 | D:6      | Noticed Maggie
  8397 | D:6      | Found a white marble altar of Elyvilon.
  8411 | D:6      | Slain by an ogre

Illustrated notes

Levels and vault maps discovered:
D:1:      nicolae_arrival_washed_ashore, layout_loops_cross, serial_shops,
          nicolae_shop_trees, roderic_lattice_a
D:2:      wad_river_or_something, layout_basic,
          hellmonk_ecumenical_altar_blasted, minmay_heptomino_l4
D:3:      layout_loops_ring, minmay_misc_feat_secret_circle, uniq_jessica
D:4:      layout_gridville, evilmike_ruin_ashenzari,
          chequers_serial_rivers_micro_c, uniq_ijyb
D:5:      layout_basic, kennysheep_little_box, minmay_temple_entry_butterflies,
          serial_shops, kennysheep_mini_moat, nicolae_shop_crystal,
          nicolae_fountain_basement
D:6:      layout_loops_ring, mainiacjoe_overflow_small_starburst,
          mainiacjoe_overflow_six_doors_small, uniq_grinder, uniq_maggie
Temple:   regret_index_temple_generic_petals

Skill      XL: |  1  2  3  4  5  6  7  8 |
---------------+-------------------------+-----
Spellcasting   | 4 6 8 |  8.0
Conjurations   | 5 |  5.0
Transmutations | 1 |  1.4
Air Magic      | 1 3 4 5 |  5.0
Hexes          | 5 |  5.4
Invocations    | 5 |  5.5
Dodging        | |  2.4
Stealth        | |  2.4

Action                   |  1- 3 |  4- 6 |  7- 9 || total
-------------------------+-------+-------+-------++-------
 Cast: Magic Dart        |    80 |       |    31 ||   111
       Shock             |       |   104 |    26 ||   130
       Searing Ray       |       |     6 |    26 ||    32
Invok: Recall Undead Har |       |       |     3 ||     3
  Use: Scroll            |     3 |     2 |     7 ||    12
       Potion            |       |       |     2 ||     2
Armor: Robe              |     3 |     1 |    26 ||    30
Dodge: Dodged            |    15 |    11 |   136 ||   162

Table legend: (Time is in decaauts)
 A = Elapsed time spent in this place.
 B = Non-inter-level travel time spent in this place.
 C = Inter-level travel time spent in this place.
 D = Time resting spent in this place.
 E = Time spent auto-exploring this place.
 F = Levels seen in this place.
 G = Mean time per level.
                   A        B        C        D        E       F      G
               +--------+--------+--------+--------+--------+-----+--------+
         Total |   8420 |   8210 |    210 |   1385 |   5856 |   7 | 1202.9 |
       Dungeon |   8219 |   8038 |    181 |   1385 |   5699 |   6 | 1369.8 |
        Temple |    201 |    172 |     29 |      0 |    157 |   1 |  201.0 |
               +--------+--------+--------+--------+--------+-----+--------+

Top non-repeatable levels by time:
     D:4: 2291 daAuts
     D:5: 2046 daAuts
     D:1: 1428 daAuts
     D:2: 1357 daAuts
     D:3: 922 daAuts
  Temple: 201 daAuts
     D:6: 172 daAuts
